 Dungeon Crawl Stone Soup version 0.23-a0-449-g8e4cbf7 (webtiles) character file.

276 galech the Chopper (level 6, -6/48 HPs)
             Began as a Demonspawn Fighter on Nov 21, 2018.
             Killed by divine providence
             ... invoked by an orc priest
              (9 damage)
             ... on level 4 of the Dungeon.
             The game lasted 00:04:32 (3142 turns).

galech the Chopper (Demonspawn Fighter)             Turns: 3142, Time: 00:04:33

Health: -6/48      AC: 11    Str: 22      XL:     6   Next: 4%
Magic:  6/6        EV:  9    Int:  9      God:
Gold:   20         SH:  9    Dex: 13 (14) Spells: 5/5 levels left

rFire    . . .     SeeInvis .   a - +0 war axe
rCold    + + +     Gourm    .   c - +0 shield
rNeg     . . .     Faith    .   j - +0 ice dragon scales
rPois    +         Spirit   .   (helmet restricted)
rElec    +         Reflect  .   g - +0 cloak
rCorr    +         Harm     .   (no gloves)
MR       +....                  (no boots)
Stlth    ..........             (no amulet)
HPRegen  0.16/turn              p - ring of protection from magic
MPRegen  0.10/turn              (no ring)

@: mighty, resistant
A: antennae 1, repulsion field 1, cold resistance 1, rot immunity
a: no special abilities


You were on level 4 of the Dungeon.
You were not hungry.

You visited 1 branch of the dungeon, and saw 5 of its levels.

You collected 92 gold pieces.
You spent 72 gold pieces at shops.

Inventory:

Hand Weapons
 a - a +0 war axe (weapon)
Armour
 c - a +0 shield (worn)
 g - a +0 cloak (worn)
 j - +0 ice dragon scales (worn)
Jewellery
 p - a ring of protection from magic (left hand)
Wands
 o - a wand of paralysis (5)
Scrolls
 h - a scroll of remove curse
 l - a scroll of identify
 m - a scroll of blinking
 r - a scroll of fog
 s - a scroll of teleportation
 t - a scroll of random uselessness
 u - a scroll of immolation {unknown}
 v - a scroll of magic mapping {unknown}
Potions
 i - a potion of degeneration
 k - a potion of heal wounds {unknown}
 q - 2 potions of brilliance
Comestibles
 f - 6 rations


   Skills:
 + Level 3.7 Fighting
 + Level 3.9 Axes
 + Level 3.6 Armour
 + Level 0.8 Dodging
 + Level 3.7 Shields


You had 5 spell levels left.
You didn't know any spells.
Your spell library contained the following spells:

 Spells                   Type           Power        Failure   Level  Hunger
 Animate Skeleton         Necr           N/A          99%         1    ##.....
 Apportation              Tloc           #.....       99%         1    ##.....
 Confusing Touch          Hex            #.....       99%         1    ##.....
 Summon Small Mammal      Summ           #...         99%         1    ##.....


Dungeon Overview and Level Annotations

Branches:
Dungeon (5/15)
 Temple: D:4-7

Altars:
Vehumet

Shops:
D:4 ?


Innate Abilities, Weirdness & Mutations

You have a pair of small antennae on your head.
You are surrounded by a mild repulsion field. (EV +2)
Your flesh is cold resistant. (rC+)
You are immune to rotting.


Message History

The orc priest mumbles some strange prayers to Beogh against you.
Beogh smites you!
* * * LOW HITPOINT WARNING * * *
The leopard gecko bites you but does no damage.
The orc priest barely misses you.
You hit the orc priest.
The orc priest is moderately wounded.
You hit the leopard gecko but do no damage.
You block the leopard gecko's attack.
The orc priest invokes the aid of Beogh against you.
You resist with some effort.
The leopard gecko bites you but does no damage.
It was a potion of magic.
Magic courses through your body. You block the leopard gecko's attack.
You block the orc priest's attack.
It was a potion of resistance.
You feel protected. The leopard gecko barely misses you.
The orc priest calls down the wrath of Beogh upon you.
Beogh smites you!
You die...

#.###.##.#
##..<..## ##.#
#........# ##.{.##
####รท# #####.####
##l## #....# #.#
########.# #.####
#.# #.....##.# #.#
#.#####.###.##.####
#.# #.......#
#{......# #.#
######).###lo)....#
#.# ##...>@#...#.#
#.#
##....#..##.####.#
##.#)#..........#
###.#####.######
#.......# #########


You could see an orc priest and a leopard gecko.

Vanquished Creatures
  A bullfrog (D:4)
  Crazy Yiuf (D:3)
  An iguana (D:4)
  A worker ant (D:4)
  Ijyb (D:4)
  3 adders
  A shadow imp (D:4)
  An ooze (D:5)
  3 worms
  2 leopard geckos
  3 orcs
  2 giant cockroaches (D:3)
  7 goblins
  6 hobgoblins
  2 kobolds
  2 quokkas (D:3)
  11 bats
  4 frilled lizards
  A leopard gecko skeleton (D:4)
  7 rats
60 creatures vanquished.

Notes
Turn   | Place    | Note
-------+----------+-------------------------------------------
     0 | D:1      | galech the Demonspawn Fighter began the quest for the Orb.
     0 | D:1      | Reached XP level 1. HP: 18/18 MP: 1/1
   200 | D:1      | Gained mutation: You are surrounded by a mild repulsion
                  | field. (EV +2) [demonic ancestry]
   200 | D:1      | Reached XP level 2. HP: 24/24 MP: 2/2
   877 | D:2      | Found a radiant altar of Vehumet.
   897 | D:2      | Reached XP level 3. HP: 26/29 MP: 3/3
  1532 | D:3      | Gained mutation: You are immune to rotting. [demonic
                  | ancestry]
  1532 | D:3      | Reached XP level 4. HP: 35/35 MP: 4/4
  1697 | D:3      | Found a runed door.
  2113 | D:3      | Noticed Crazy Yiuf
  2126 | D:3      | Killed Crazy Yiuf
  2420 | D:4      | Found Vamay's Magic Scroll Shoppe.
  2441 | D:4      | Bought a scroll of identify for 24 gold pieces
  2441 | D:4      | Bought a scroll of identify for 24 gold pieces
  2441 | D:4      | Bought a scroll of identify for 24 gold pieces
  2598 | D:4      | Noticed a bullfrog
  2609 | D:4      | Killed a bullfrog
  2609 | D:4      | Gained mutation: Your flesh is cold resistant. (rC+)
                  | [demonic ancestry]
  2609 | D:4      | Reached XP level 5. HP: 30/41 MP: 5/5
  2991 | D:4      | Noticed Ijyb
  3005 | D:4      | Killed Ijyb
  3005 | D:4      | Gained mutation: You have a pair of small antennae on your
                  | head. [demonic ancestry]
  3005 | D:4      | Reached XP level 6. HP: 46/48 MP: 6/6
  3100 | D:5      | Entered Level 5 of the Dungeon
  3139 | D:4      | HP: 2/48 [orc priest/divine providence (12)]
  3142 | D:4      | Killed from afar by an orc priest

Vault maps used:
D:1:      dpeg_arrival_rhombi
D:2:      vehumet_crystals
D:3:      uniq_crazy_yiuf_cottage
D:4:      serial_shops, shop, grunt_ministairs_7, uniq_ijyb
D:5:      lemuel_crystal_altar, first_ration, serial_shops,
          nicolae_shop_temple_entry_statues_fountains

Skill      XL: |  1  2  3  4 |
---------------+-------------+-----
Axes           | 2 3 |  3.9
Shields        | 3 |  3.7
Armour         | 3 |  3.6
Fighting       | |  3.7
Dodging        | |  0.8

Action                   |  1- 3 |  4- 6 || total
-------------------------+-------+-------++-------
Melee: War axe           |   153 |   107 ||   260
  Use: Scroll            |     2 |     6 ||     8
       Potion            |       |     5 ||     5
  Eat: Chunk             |     2 |     6 ||     8
Armor: Scale mail        |    44 |       ||    44
       Ice dragon scales |    28 |    41 ||    69
Dodge: Dodged            |    48 |    47 ||    95
Block: Shield            |    83 |    63 ||   146

Table legend:
 A = Non-vault XP
 B = Vault XP
 C = Vault XP percentage of total XP
 D = Non-vault monster count
 E = Vault monster count
 F = Vault count percentage of total count
                 A         B        C        D         E       F
            +---------+---------+-------+---------+---------+-------
      Total |     318 |      77 |  19.5 |      58 |       2 |   3.3
            +---------+---------+-------+---------+---------+-------
        D:1 |      28 |       0 |   0.0 |      18 |       0 |   0.0
        D:2 |      42 |       0 |   0.0 |      16 |       0 |   0.0
        D:3 |      43 |      42 |  49.4 |      15 |       1 |   6.2
        D:4 |     198 |      35 |  15.0 |       8 |       1 |  11.1
        D:5 |       7 |       0 |   0.0 |       1 |       0 |   0.0
            +---------+---------+-------+---------+---------+-------
